| TOP OF THE 1ST |
|
Brockton Rox batting - Pitching for Hamilton Cardinals : LHP J.T. Ready
|
|
Pitching: LHP J.T. Ready
|
|
|
Batting: LHB Eric Gaugler
|
0-0: Called Strike 0-1: Foul Ball, location: 2F 0-2: Ball 1-2: Fly out, F8 (Flyball, 8RD, EV 91.2 MPH)
|
|
Batting: RHB Ryan Davis
|
0-0: Called Strike 0-1: Foul Ball, location: 2F 0-2: Ball 1-2: Strikes out looking
|
|
Batting: RHB Bob Reichley
|
0-0: Called Strike 0-1: Foul Ball, location: 2F 0-2: Strikes out looking
|
| Top of the 1st over - 0 runs, 0 hits, 0 errors, 0 left on base; Brockton 0 - Hamilton 0 |
| BOTTOM OF THE 1ST |
|
Hamilton Cardinals batting - Pitching for Brockton Rox : RHP Johnny Lucero
|
|
Pitching: RHP Johnny Lucero
|
|
|
Batting: RHB Juan Carrillo
|
0-0: Ball 1-0: Ball 2-0: DOUBLE (Popup, 34D, EV 63.8 MPH)
|
|
Batting: RHB Jonathan Winkler
|
0-0: Called Strike 0-1: Ball 1-1: Fly out, F3 (Popup, 3S, EV 78.1 MPH)
|
|
Batting: LHB Ignacio Ocampo
|
0-0: Ball 1-0: Swinging Strike 1-1: Ball 2-1: Ground out 5-3 (Groundball, 56, EV 86.2 MPH)
|
|
Batting: RHB Pablo Nunez
|
0-0: Ground out 4-3 (Groundball, 4, EV 83.8 MPH)
|
| Bottom of the 1st over - 0 runs, 1 hit, 0 errors, 1 left on base; Brockton 0 - Hamilton 0 |
| TOP OF THE 2ND |
|
Brockton Rox batting - Pitching for Hamilton Cardinals : LHP J.T. Ready
|
|
Batting: RHB Luis Nino
|
0-0: Ball 1-0: Swinging Strike 1-1: Ball 2-1: Ball 3-1: Base on Balls
|
|
Batting: RHB Eric McClelland
|
0-0: Ball 1-0: Foul Ball, location: 2F 1-1: Ball 2-1: Fly out, F9 (Flyball, 9D, EV 105.6 MPH)
|
|
Batting: RHB Wayne Whimster
|
0-0: Called Strike 0-1: Ball 1-1: Ball 2-1: Called Strike 2-2: Strikes out swinging
|
|
Batting: RHB Joe Lewis
|
0-0: Ball 1-0: Ball 2-0: Called Strike Pickoff Throw to First - Out! 1-3
|
| Top of the 2nd over - 0 runs, 0 hits, 0 errors, 0 left on base; Brockton 0 - Hamilton 0 |
| BOTTOM OF THE 2ND |
|
Hamilton Cardinals batting - Pitching for Brockton Rox : RHP Johnny Lucero
|
|
Batting: RHB Shou-feng Chang
|
0-0: SINGLE (Flyball, 34D, EV 86.9 MPH) - OUT at second base trying to stretch hit.
|
|
Batting: RHB Kyle Franken
|
0-0: Ball 1-0: Fly out, F9 (Flyball, 9LMF, EV 81.9 MPH)
|
|
Batting: SHB J.T. Ready
|
0-0: Called Strike 0-1: Ball 1-1: Called Strike 1-2: Ball 2-2: Ball 3-2: Fly out, F7 (Flyball, 7, EV 91.9 MPH)
|
| Bottom of the 2nd over - 0 runs, 1 hit, 0 errors, 0 left on base; Brockton 0 - Hamilton 0 |
| TOP OF THE 3RD |
|
Brockton Rox batting - Pitching for Hamilton Cardinals : LHP J.T. Ready
|
|
Batting: RHB Joe Lewis
|
0-0: Foul Ball, location: 2F 0-1: SINGLE (Line Drive, 6D, EV 99.4 MPH)
|
|
Batting: RHB Wu-sheng Zi
|
0-0: Called Strike 0-1: Swinging Strike 0-2: Strikes out swinging
|
|
Batting: LHB Darby Starburster
|
0-0: Ball 1-0: Ball 2-0: Foul Ball, location: 2F 2-1: Ball 3-1: Base on Balls Joe Lewis to second
|
|
Batting: LHB Eric Gaugler
|
0-0: Ball 1-0: Ball 2-0: Foul Ball, location: 2F 2-1: Called Strike 2-2: Foul Ball, location: 2F 2-2: Strikes out swinging
|
|
Batting: RHB Ryan Davis
|
0-0: Called Strike 0-1: Ground out 1-3 (Groundball, 13, EV 66.9 MPH)
|
| Top of the 3rd over - 0 runs, 1 hit, 0 errors, 2 left on base; Brockton 0 - Hamilton 0 |
| BOTTOM OF THE 3RD |
|
Hamilton Cardinals batting - Pitching for Brockton Rox : RHP Johnny Lucero
|
|
Batting: SHB Kelly Brooks
|
0-0: Called Strike 0-1: Ball 1-1: Foul Ball, location: 2F 1-2: Foul Ball, location: 2F 1-2: Foul Ball, location: 2F 1-2: Ball 2-2: Ball 3-2: Strikes out swinging
|
|
Batting: SHB Brad Meyer
|
0-0: Called Strike 0-1: Ball 1-1: Called Strike 1-2: Foul Ball, location: 2F 1-2: Strikes out swinging
|
|
Batting: RHB Juan Carrillo
|
0-0: Fly out, F5 (Popup, 5SF, EV 82.5 MPH)
|
| Bottom of the 3rd over - 0 runs, 0 hits, 0 errors, 0 left on base; Brockton 0 - Hamilton 0 |
| TOP OF THE 4TH |
|
Brockton Rox batting - Pitching for Hamilton Cardinals : LHP J.T. Ready
|
|
Batting: RHB Bob Reichley
|
0-0: Ball 1-0: Called Strike 1-1: Called Strike 1-2: Foul Ball, location: 2F 1-2: Ball 2-2: Foul Ball, location: 2F 2-2: Fly out, F5 (Popup, 25F, EV 82.5 MPH)
|
|
Batting: RHB Luis Nino
|
0-0: Ball 1-0: SINGLE (Groundball, 6MD, EV 93.8 MPH)
|
|
Batting: RHB Eric McClelland
|
0-0: Called Strike 0-1: Called Strike 0-2: Ball 1-2: Strikes out swinging
|
|
Batting: RHB Wayne Whimster
|
0-0: Ball 1-0: Called Strike 1-1: Ball 2-1: Ground out 5-3 (Groundball, 56S, EV 85.0 MPH)
|
| Top of the 4th over - 0 runs, 1 hit, 0 errors, 1 left on base; Brockton 0 - Hamilton 0 |
| BOTTOM OF THE 4TH |
|
Hamilton Cardinals batting - Pitching for Brockton Rox : RHP Johnny Lucero
|
|
Batting: RHB Jonathan Winkler
|
0-0: Ball 1-0: Ball 2-0: Ball 3-0: Base on Balls
|
|
Batting: LHB Ignacio Ocampo
|
0-0: Called Strike 0-1: Ball 1-1: Ball 2-1: Swinging Strike 2-2: Fly out, F8 (Line Drive, 8LM, EV 93.1 MPH)
|
|
Batting: RHB Pablo Nunez
|
0-0: Called Strike 0-1: Swinging Strike 0-2: Ball 1-2: Ball 2-2: Ball 3-2: Base on Balls Jonathan Winkler to second
|
|
Batting: RHB Shou-feng Chang
|
0-0: Called Strike 0-1: Ball 1-1: Fly out, F8 (Flyball, 8RD, EV 98.1 MPH)
|
|
Batting: RHB Kyle Franken
|
0-0: Ball 1-0: Swinging Strike 1-1: Called Strike 1-2: Ball 2-2: Strikes out swinging
|
| Bottom of the 4th over - 0 runs, 0 hits, 0 errors, 2 left on base; Brockton 0 - Hamilton 0 |
| TOP OF THE 5TH |
|
Brockton Rox batting - Pitching for Hamilton Cardinals : LHP J.T. Ready
|
|
Batting: RHB Joe Lewis
|
0-0: Swinging Strike 0-1: Fly out, F7 (Line Drive, 7, EV 89.4 MPH)
|
|
Batting: RHB Wu-sheng Zi
|
0-0: Called Strike 0-1: Swinging Strike 0-2: Ball 1-2: Strikes out looking
|
|
Batting: LHB Darby Starburster
|
0-0: Called Strike 0-1: Swinging Strike 0-2: Foul Ball, location: 2F 0-2: Ball 1-2: Ground out 5-3 (Groundball, 5L, EV 99.4 MPH)
|
| Top of the 5th over - 0 runs, 0 hits, 0 errors, 0 left on base; Brockton 0 - Hamilton 0 |
| BOTTOM OF THE 5TH |
|
Hamilton Cardinals batting - Pitching for Brockton Rox : RHP Johnny Lucero
|
|
Batting: SHB J.T. Ready
|
0-0: Called Strike 0-1: Fly out, F2 (Popup, 25F, EV 80.6 MPH)
|
|
Batting: SHB Kelly Brooks
|
0-0: Swinging Strike 0-1: Swinging Strike 0-2: Strikes out swinging
|
|
Batting: SHB Brad Meyer
|
0-0: Ground out 5-3 (Groundball, 5L, EV 79.4 MPH)
|
| Bottom of the 5th over - 0 runs, 0 hits, 0 errors, 0 left on base; Brockton 0 - Hamilton 0 |
| TOP OF THE 6TH |
|
Brockton Rox batting - Pitching for Hamilton Cardinals : LHP J.T. Ready
|
|
Batting: LHB Eric Gaugler
|
0-0: Called Strike 0-1: Ball 1-1: Foul Ball, location: 2F 1-2: Ball 2-2: Strikes out looking
|
|
Batting: RHB Ryan Davis
|
0-0: Ball 1-0: Ground out 6-3 (Groundball, 6, EV 83.8 MPH)
|
|
Batting: RHB Bob Reichley
|
0-0: Called Strike 0-1: Swinging Strike 0-2: Strikes out swinging
|
| Top of the 6th over - 0 runs, 0 hits, 0 errors, 0 left on base; Brockton 0 - Hamilton 0 |
| BOTTOM OF THE 6TH |
|
Hamilton Cardinals batting - Pitching for Brockton Rox : RHP Johnny Lucero
|
|
Batting: RHB Juan Carrillo
|
0-0: Swinging Strike 0-1: Ball 1-1: SINGLE (Flyball, 6D, EV 95.6 MPH)
|
|
Batting: RHB Jonathan Winkler
|
0-0: Fly out, F3 (Popup, 34S, EV 78.1 MPH)
|
|
Batting: LHB Ignacio Ocampo
|
0-0: Called Strike 0-1: Ball 1-1: Called Strike 1-2: Fly out, F8 (Line Drive, 8LD, EV 97.5 MPH)
|
|
Batting: RHB Pablo Nunez
|
0-0: Ball Juan Carrillo steals 2nd base 1-0: Called Strike 1-1: Ball 2-1: SINGLE (Groundball, 34D, EV 103.8 MPH) Juan Carrillo to third Runner from 3rd tries for Home, SAFE, throw by RF to home
|
|
Batting: RHB Shou-feng Chang
|
0-0: Ball 1-0: Ball 2-0: Foul Ball, location: 2F 2-1: SINGLE (Flyball, 8RS, EV 95.6 MPH) Pablo Nunez to second
|
|
Batting: RHB Kyle Franken
|
0-0: Foul Ball, location: 2F 0-1: Ball 1-1: Foul Ball, location: 2F 1-2: Fly out, F8 (Flyball, 89D, EV 85.0 MPH)
|
| Bottom of the 6th over - 1 run, 3 hits, 0 errors, 2 left on base; Brockton 0 - Hamilton 1 |
| TOP OF THE 7TH |
|
Brockton Rox batting - Pitching for Hamilton Cardinals : LHP J.T. Ready
|
|
Pitching: LHP Hylnur Albertsson
|
|
|
Batting: RHB Luis Nino
|
0-0: Foul Ball, location: 2F 0-1: Ball 1-1: Foul Ball, location: 2F 1-2: Foul Ball, location: 2F 1-2: Ball 2-2: TRIPLE (Flyball, 9LD, EV 101.9 MPH)
|
|
Batting: RHB Eric McClelland
|
0-0: Ball 1-0: Called Strike 1-1: Called Strike 1-2: Strikes out swinging
|
|
Batting: RHB Wayne Whimster
|
0-0: Called Strike 0-1: Foul Ball, location: 2F 0-2: Strikes out swinging
|
|
Pinch Hitting: RHB Panam Palmer
|
0-0: Ball 1-0: Ground out 3-1 (Groundball, 34, EV 98.8 MPH)
|
| Top of the 7th over - 0 runs, 1 hit, 0 errors, 1 left on base; Brockton 0 - Hamilton 1 |
| BOTTOM OF THE 7TH |
|
Hamilton Cardinals batting - Pitching for Brockton Rox : RHP Johnny Lucero
|
|
Pitching: RHP Steve Seaman
|
|
|
Now at 2B: Luis Nino
|
|
|
Now at 3B: Jose Santiago
|
|
|
Batting: SHB J.T. Ready
|
0-0: Ball 1-0: Ball 2-0: Foul Ball, location: 2F 2-1: Called Strike 2-2: Ground out 6-3 (Groundball, 56D, EV 105.0 MPH)
|
|
Batting: SHB Kelly Brooks
|
0-0: Called Strike 0-1: Foul Ball, location: 2F 0-2: Strikes out looking
|
|
Batting: SHB Brad Meyer
|
0-0: Called Strike 0-1: Swinging Strike 0-2: Ball 1-2: Strikes out swinging
|
| Bottom of the 7th over - 0 runs, 0 hits, 0 errors, 0 left on base; Brockton 0 - Hamilton 1 |
| TOP OF THE 8TH |
|
Brockton Rox batting - Pitching for Hamilton Cardinals : LHP Hylnur Albertsson
|
|
Batting: RHB Matt Walker
|
0-0: Swinging Strike 0-1: Swinging Strike 0-2: Strikes out swinging
|
|
Batting: LHB Darby Starburster
|
0-0: Ball 1-0: Foul Ball, location: 2F 1-1: Foul Ball, location: 2F 1-2: Ball 2-2: Strikes out looking
|
|
Batting: LHB Eric Gaugler
|
0-0: Ball 1-0: Ball 2-0: Ball 3-0: Base on Balls
|
|
Batting: RHB Ryan Davis
|
0-0: Ball 1-0: Called Strike 1-1: Foul Ball, location: 2F 1-2: Fielders Choice at 2nd, 6-4 (Groundball, 6, EV 97.5 MPH)
|
| Top of the 8th over - 0 runs, 0 hits, 0 errors, 1 left on base; Brockton 0 - Hamilton 1 |
| BOTTOM OF THE 8TH |
|
Hamilton Cardinals batting - Pitching for Brockton Rox : RHP Steve Seaman
|
|
Batting: RHB Juan Carrillo
|
0-0: Ball 1-0: Called Strike 1-1: Foul Ball, location: 2F 1-2: Strikes out swinging
|
|
Batting: RHB Jonathan Winkler
|
0-0: Ball 1-0: Called Strike 1-1: Ball 2-1: Ground out 5-3 (Groundball, 56, EV 108.8 MPH)
|
|
Batting: LHB Ignacio Ocampo
|
0-0: Called Strike 0-1: SINGLE (Groundball, 34D, EV 103.8 MPH)
|
|
Batting: RHB Pablo Nunez
|
0-0: Foul Ball, location: 2F 0-1: SINGLE (Groundball, 56S, EV 74.4 MPH) (infield hit) Ignacio Ocampo to second
|
|
Batting: RHB Shou-feng Chang
|
0-0: Ball 1-0: Ball 2-0: Foul Ball, location: 2F 2-1: Foul Ball, location: 2F 2-2: Ball 3-2: Foul Ball, location: 2F 3-2: Foul Ball, location: 2F 3-2: Strikes out swinging
|
| Bottom of the 8th over - 0 runs, 2 hits, 0 errors, 2 left on base; Brockton 0 - Hamilton 1 |
| TOP OF THE 9TH |
|
Brockton Rox batting - Pitching for Hamilton Cardinals : LHP Hylnur Albertsson
|
|
Pitching: LHP Craig Soole
|
|
|
Now at 2B: Felipe Campanella
|
|
|
Now in CF: Jonathan Winkler
|
|
|
Batting: RHB Bob Reichley
|
0-0: Called Strike 0-1: Foul Ball, location: 2F 0-2: Strikes out swinging
|
|
Batting: RHB Luis Nino
|
0-0: Ball 1-0: Ball 2-0: Fly out, F9 (Flyball, 89M, EV 83.8 MPH)
|
|
Batting: RHB Eric McClelland
|
0-0: Ball 1-0: Called Strike 1-1: Ball 2-1: Foul Ball, location: 2F 2-2: Fly out, F4 (Popup, 4, EV 78.8 MPH)
|
| Top of the 9th over - 0 runs, 0 hits, 0 errors, 0 left on base; Brockton 0 - Hamilton 1 |
|